Devils vs Blues

Created - February-28-14 at 18:39

Goals
1 2 3 T
Devils 1 0 0 1
Blues 5 0 1 6
Shots
1 2 3 T
Devils 4 4 6 14
Blues 17 7 14 38

1st period

1. Devils , Jake Muzzin 1 (Mark Streit, Carl Hagelin) at 6:02 (PP)
2. Blues , Rick Nash 33 (Christopher Higgins, Henrik Zetterberg) at 7:38 (PP)
3. Blues , David Clarkson 10 (Jeff Petry, Radek Martinek) at 8:38
4. Blues , Patric Hornqvist 17 (Daniel Sedin) at 11:26
5. Blues , Daniel Sedin 27 (Jussi Jokinen) at 12:45 (PP)
6. Blues , Rick Nash 34 (Dan Hamhuis, Henrik Zetterberg) at 13:24 (PP)

Penalties :
David Clarkson (STL) for Tripping (Minor) at 4:06, Trevor Daley (NJD) for Tripping (Minor) at 6:59, Nikita Nikitin (NJD) for Holding (Minor) at 12:43, Sergei Gonchar (NJD) for Holding (Minor) at 13:07, Steve Ott (NJD) for Hooking (Minor) at 17:55

2nd period

No Goal

Penalties :
Vladimir Sobotka (NJD) for Hooking (Minor) at 8:49

3rd period

7. Blues , Rick Nash 35 (Dan Hamhuis, Carl Gunnarsson) at 19:37

Penalties :
Mike Weaver (NJD) for Holding (Minor) at 14:27, Mike Weaver (NJD) for Boarding (Minor) at 16:38

Goalie Stats

Corey Crawford (NJD), 6 saves from 11 shots - (0.545), L, 27-19-3, 13:24 minutes
Martin Brodeur (NJD), 26 saves from 27 shots - (0.963), 46:36 minutes
Sergei Bobrovsky (STL), 13 saves from 14 shots - (0.929), W, 41-7-5, 60:00 minutes

Players Stats for Devils

Player Name              G  A  P  +/- PIM S  H  SB GA TA FO     MP     PP MP  PK MP  
------------------------------------------------------------------------------------
Ales Hemsky              0  0  0   0  0   0  0  0  0  0  1/2    12:32   1:10   0:00 
Carl Hagelin             0  1  1  -1  0   1  0  0  0  0  1/2    17:54   0:46   0:00 
Clarke MacArthur         0  0  0   0  0   2  0  0  0  0  0/1    14:16   1:10   1:44 
Jake Muzzin              1  0  1  -1  0   1  1  0  0  0  0/0     5:48   0:46   0:29 
James van Riemsdyk       0  0  0  -1  0   2  2  0  0  0  0/0    18:58   0:46   0:00 
Jonathan Huberdeau       0  0  0  -1  0   3  0  0  0  0  7/19   18:31   0:46   0:44 
Mark Letestu             0  0  0  -2  0   1  0  0  0  0  0/0    19:29   0:00   0:00 
Mark Streit              0  1  1   0  0   1  1  0  0  0  0/0    12:56   0:46   0:00 
Mike Weaver              0  0  0  -1  4   0  6  2  0  0  0/0    17:25   0:00   1:53 
Nikita Nikitin           0  0  0  -1  2   0  1  1  0  0  0/0    22:17   1:10   4:08 
Niklas Hjalmarsson       0  0  0  -2  0   0  1  2  0  0  0/0    23:20   0:00   3:27 
Saku Koivu               0  0  0  -1  0   0  0  0  0  0  7/22   16:21   0:00   2:51 
Sergei Gonchar           0  0  0   0  2   3  2  1  0  0  0/0    16:52   1:10   3:33 
Steve Ott                0  0  0  -1  2   0  1  0  0  0  1/2    19:52   1:10   5:13 
Tommy Wingels            0  0  0  -1  0   0  3  0  0  0  0/1     9:14   0:00   1:57 
Trevor Daley             0  0  0  -1  2   0  2  1  0  0  0/0    21:17   0:00   4:18 
Tyler Johnson            0  0  0  -1  0   0  0  0  0  0  4/11    7:17   0:00   0:00 
Vladimir Sobotka         0  0  0   0  2   0  2  0  0  0  17/28  16:40   0:00   5:19 

Players Stats for Blues

Player Name              G  A  P  +/- PIM S  H  SB GA TA FO     MP     PP MP  PK MP  
------------------------------------------------------------------------------------
Adrian Aucoin            0  0  0   0  0   0  0  0  0  0  0/0     0:00   0:00   0:00 
Brenden Morrow           0  0  0   0  0   1  5  0  0  0  1/1    13:52   0:00   0:00 
Carl Gunnarsson          0  1  1   1  0   3  3  0  0  0  0/0    25:03   5:35   1:05 
Christopher Higgins      0  1  1   1  0   2  0  1  0  0  0/0    19:32   4:49   1:01 
Dan Hamhuis              0  2  2   1  0   4  0  1  0  0  0/0    24:49   5:35   0:51 
Daniel Sedin             1  1  2   1  0   5  0  1  0  0  0/1    23:28   4:05   0:00 
David Clarkson           1  0  1   1  2   4  1  0  0  0  1/1    17:46   4:05   0:00 
Henrik Zetterberg        0  2  2   1  0   7  1  0  0  0  13/28  24:12   4:49   0:00 
Jeff Petry               0  1  1   2  0   0  1  1  0  0  0/0    14:06   0:00   0:00 
Jussi Jokinen            0  1  1   1  0   1  0  0  0  0  7/11   21:11   4:05   1:01 
Mark Fayne               0  0  0   0  0   2  0  2  0  0  0/0    21:05   3:19   1:05 
Olli Jokinen             0  0  0   1  0   0  0  0  0  0  9/17   14:37   0:00   0:55 
Patric Hornqvist         1  0  1   1  0   1  1  0  0  0  8/9     5:31   0:00   0:00 
Radek Martinek           0  1  1   2  0   1  0  2  0  0  0/0    14:06   0:00   0:00 
Rick Nash                3  0  3   1  0   5  3  0  0  0  1/1    21:49   4:49   0:55 
Sami Salo                0  0  0   0  0   1  0  3  0  0  0/0    20:51   3:19   0:51 
Tom Gilbert              0  0  0   0  0   0  0  0  0  0  0/0     0:00   0:00   0:00 
Travis Zajac             0  0  0   1  0   1  2  0  0  0  10/19  16:05   0:00   0:00 

3 Stars

1 - Rick Nash (STL)
2 - Daniel Sedin (STL)
3 - Henrik Zetterberg (STL)

Power Play

Devils - 1 on 1 Attempt(s) - 100.00%
Blues - 3 on 7 Attempt(s) - 42.86%

Penalty Kill

Devils - 4 on 7 Attempt(s) - 57.14% - Score 0 goal in Penalty Kill
Blues - 0 on 1 Attempt(s) - 0.00% - Score 0 goal in Penalty Kill

Official

Referees : Brian Pochmara and Dean Morton
Linesman : Lonnie Cameron and Tim Nowak

Game Notes

Martin Brodeur enters game at 13:24 of 1st period
Rick Nash has scored a Hat Trick!

Finance

Level 1 -- Attendance: 5402 (83.11%) -- Ticket Income $583,416
Level 2 -- Attendance: 4065 (81.30%) -- Ticket Income $325,200
Level 3 -- Attendance: 3500 (100.00%) -- Ticket Income $133,000
Level 4 -- Attendance: 2908 (96.23%) -- Ticket Income $72,700
Luxury Box -- Attendance: 1000 (100.00%) -- Ticket Income $220,000
Game was played at the Scottrade Center
Total Attendance: 16875 (88.71%)
Total Ticket Income: $1,334,316
Other Income: $200,147
Total Income: $1,534,463


% Time on Ice - Devils

Lines # - Real PCT - Wanted PCT - Time Play
Normal Forward
1 - 35% - 35% - 17:01
2 - 27% - 30% - 13:30
3 - 23% - 20% - 11:22
4 - 15% - 15% - 7:17
Normal Defense
1 - 32% - 35% - 15:34
2 - 35% - 33% - 17:00
3 - 25% - 20% - 12:10
4 - 9% - 12% - 4:26
PP Forward
1 - 40% - 60% - 0:46
2 - 60% - 40% - 1:10
PP Defense
1 - 40% - 60% - 0:46
2 - 60% - 40% - 1:10
PK Forward
1 - 78% - 55% - 6:57
2 - 22% - 45% - 1:57
PK Defense
1 - 48% - 55% - 4:15
2 - 52% - 45% - 4:39
PK3 Forward
1 - 0% - 50%
2 - 0% - 50%
PK3 Defense
1 - 0% - 55%
2 - 0% - 45%
44 Forward
1 - 0% - 50%
2 - 0% - 50%
44 Defense
1 - 0% - 50%
2 - 0% - 50%
Last Minute Offensive  - 0:00
Last Minute Defensive  - 0:00
Total
Forward - 60:00
Defense - 60:00

% Time on Ice - Blues

Lines # - Real PCT - Wanted PCT - Time Play
Normal Forward
1 - 28% - 32% - 13:52
2 - 33% - 30% - 16:05
3 - 28% - 26% - 13:42
4 - 11% - 12% - 5:31
Normal Defense
1 - 33% - 33% - 16:17
2 - 34% - 32% - 16:41
3 - 29% - 26% - 14:06
4 - 4% - 9% - 2:06
PP Forward
1 - 54% - 50% - 4:49
2 - 46% - 50% - 4:05
PP Defense
1 - 63% - 60% - 5:35
2 - 37% - 40% - 3:19
PK Forward
1 - 47% - 50% - 0:55
2 - 53% - 50% - 1:01
PK Defense
1 - 56% - 60% - 1:05
2 - 44% - 40% - 0:51
PK3 Forward
1 - 0% - 55%
2 - 0% - 45%
PK3 Defense
1 - 0% - 60%
2 - 0% - 40%
44 Forward
1 - 0% - 58%
2 - 0% - 42%
44 Defense
1 - 0% - 60%
2 - 0% - 40%
Last Minute Offensive  - 0:00
Last Minute Defensive  - 0:00
Total
Forward - 60:00
Defense - 60:00

Play by Play

1st period


0:01 of 1st period - Jonathan Huberdeau wins face-off versus Henrik Zetterberg in neutral zone.
0:18 of 1st period - Shot by Carl Hagelin.
0:18 of 1st period - Deflect By Jonathan Huberdeau.
0:18 of 1st period - Stopped by Sergei Bobrovsky without a rebound.
0:19 of 1st period - Travis Zajac wins face-off versus Saku Koivu in Blues zone.
1:32 of 1st period - Shot by Radek Martinek.
1:32 of 1st period - Stopped by Corey Crawford without a rebound.
1:33 of 1st period - Patric Hornqvist wins face-off versus Jonathan Huberdeau in Devils zone.
1:38 of 1st period - Shot by Daniel Sedin.
1:38 of 1st period - Shot Misses the Net.
1:42 of 1st period - Shot by Henrik Zetterberg.
1:42 of 1st period - Shot Misses the Net.
2:06 of 1st period - Shot by Daniel Sedin.
2:06 of 1st period - Stopped by Corey Crawford without a rebound.
2:07 of 1st period - Olli Jokinen wins face-off versus Vladimir Sobotka in Devils zone.
2:30 of 1st period - Shot by Olli Jokinen.
2:30 of 1st period - Shot Misses the Net.
2:34 of 1st period - Shot by Christopher Higgins.
2:34 of 1st period - Stopped by Corey Crawford without a rebound.
2:35 of 1st period - Tyler Johnson wins face-off versus Henrik Zetterberg in Devils zone.
3:03 of 1st period - Jake Muzzin is hit by Brenden Morrow.
3:07 of 1st period - Niklas Hjalmarsson is hit by Brenden Morrow and loses puck.
3:39 of 1st period - Icing by Tommy Wingels.
3:40 of 1st period - Tyler Johnson wins face-off versus Olli Jokinen in Devils zone.
4:06 of 1st period - Minor Penalty to David Clarkson for Tripping.
4:07 of 1st period - Steve Ott wins face-off versus Olli Jokinen in Blues zone.
4:12 of 1st period - Shot by Steve Ott.
4:12 of 1st period - Shot Misses the Net.
4:28 of 1st period - Shot by Sergei Gonchar.
4:28 of 1st period - Stopped by Sergei Bobrovsky without a rebound.
4:29 of 1st period - Jonathan Huberdeau wins face-off versus Olli Jokinen in Blues zone.
4:43 of 1st period - Off-side.
4:44 of 1st period - Olli Jokinen wins face-off versus Steve Ott in neutral zone.
5:44 of 1st period - Mark Streit is hit by Carl Gunnarsson.
5:56 of 1st period - Shot by James van Riemsdyk.
5:56 of 1st period - Stopped by Sergei Bobrovsky without a rebound.
5:57 of 1st period - Carl Hagelin wins face-off versus Olli Jokinen in Blues zone.
6:00 of 1st period - Shot by Mark Streit.
6:00 of 1st period - Shot Blocked by Sami Salo.
6:02 of 1st period - Shot by Jake Muzzin.
6:02 of 1st period - Goal by Jake Muzzin - Devils : 1 - Blues : 0.
6:03 of 1st period - Henrik Zetterberg wins face-off versus Tyler Johnson in neutral zone.
6:10 of 1st period - Shot by Henrik Zetterberg.
6:10 of 1st period - Stopped by Corey Crawford without a rebound.
6:11 of 1st period - Jonathan Huberdeau wins face-off versus Henrik Zetterberg in Devils zone.
6:42 of 1st period - Shot by Henrik Zetterberg.
6:42 of 1st period - Stopped by Corey Crawford without a rebound.
6:43 of 1st period - Travis Zajac wins face-off versus Saku Koivu in Devils zone.
6:44 of 1st period - Shot by Rick Nash.
6:44 of 1st period - Shot Misses the Net.
6:53 of 1st period - Travis Zajac is hit by Trevor Daley and loses puck.
6:59 of 1st period - Minor Penalty to Trevor Daley for Tripping.
7:00 of 1st period - Vladimir Sobotka wins face-off versus Henrik Zetterberg in Devils zone.
7:20 of 1st period - Icing by Christopher Higgins.
7:21 of 1st period - Henrik Zetterberg wins face-off versus Vladimir Sobotka in Blues zone.
7:38 of 1st period - Shot by Christopher Higgins.
7:38 of 1st period - Deflect By Rick Nash.
7:38 of 1st period - Goal by Rick Nash - Devils : 1 - Blues : 1.
7:39 of 1st period - Henrik Zetterberg wins face-off versus Jonathan Huberdeau in neutral zone.
7:42 of 1st period - Carl Hagelin is hit by Brenden Morrow and loses puck.
8:01 of 1st period - Shot by Brenden Morrow.
8:01 of 1st period - Deflect By Daniel Sedin.
8:01 of 1st period - Shot Misses the Net.
8:17 of 1st period - Shot by Daniel Sedin.
8:17 of 1st period - Shot Misses the Net.
8:38 of 1st period - Shot by David Clarkson.
8:38 of 1st period - Goal by David Clarkson - Devils : 1 - Blues : 2.
8:39 of 1st period - Rick Nash wins face-off versus Saku Koivu in neutral zone.
10:58 of 1st period - Icing by Nikita Nikitin.
10:59 of 1st period - Jonathan Huberdeau wins face-off versus Henrik Zetterberg in Devils zone.
10:59 of 1st period - Jonathan Huberdeau is hit by Brenden Morrow.
11:20 of 1st period - Off-side.
11:21 of 1st period - Patric Hornqvist wins face-off versus Saku Koivu in neutral zone.
11:26 of 1st period - Shot by Patric Hornqvist.
11:26 of 1st period - Goal by Patric Hornqvist - Devils : 1 - Blues : 3.
11:27 of 1st period - Olli Jokinen wins face-off versus Saku Koivu in neutral zone.
12:18 of 1st period - Icing by Mike Weaver.
12:19 of 1st period - Henrik Zetterberg wins face-off versus Saku Koivu in Devils zone.
12:33 of 1st period - Daniel Sedin is hit by Nikita Nikitin and loses puck.
12:43 of 1st period - Minor Penalty to Nikita Nikitin for Holding.
12:44 of 1st period - Jussi Jokinen wins face-off versus Vladimir Sobotka in Devils zone.
12:45 of 1st period - Shot by Daniel Sedin.
12:45 of 1st period - Goal by Daniel Sedin - Devils : 1 - Blues : 4.
12:46 of 1st period - Travis Zajac wins face-off versus Jonathan Huberdeau in neutral zone.
13:06 of 1st period - Shot by Travis Zajac.
13:06 of 1st period - Stopped by Corey Crawford without a rebound.
13:07 of 1st period - Patric Hornqvist wins face-off versus Vladimir Sobotka in Devils zone.
13:07 of 1st period - Minor Penalty to Sergei Gonchar for Holding.
13:08 of 1st period - Vladimir Sobotka wins face-off versus Henrik Zetterberg in Devils zone.
13:08 of 1st period - Vladimir Sobotka is hit by Rick Nash.
13:17 of 1st period - Dan Hamhuis is hit by Mike Weaver and loses puck.
13:22 of 1st period - Shot by Henrik Zetterberg.
13:22 of 1st period - Shot Misses the Net.
13:24 of 1st period - Shot by Dan Hamhuis.
13:24 of 1st period - Deflect By Rick Nash.
13:24 of 1st period - Goal by Rick Nash - Devils : 1 - Blues : 5.
13:24 of 1st period - Martin Brodeur enters game.
13:25 of 1st period - Patric Hornqvist wins face-off versus Jonathan Huberdeau in neutral zone.
13:30 of 1st period - Icing by Mark Streit.
13:31 of 1st period - Travis Zajac wins face-off versus Jonathan Huberdeau in Devils zone.
13:34 of 1st period - Shot by Rick Nash.
13:34 of 1st period - Deflect By Jussi Jokinen.
13:34 of 1st period - Shot Hit the Post.
13:40 of 1st period - Shot by Rick Nash.
13:40 of 1st period - Stopped by Martin Brodeur without a rebound.
13:41 of 1st period - Henrik Zetterberg wins face-off versus Saku Koivu in Devils zone.
14:27 of 1st period - Icing by Jeff Petry.
14:28 of 1st period - Henrik Zetterberg wins face-off versus Jonathan Huberdeau in Blues zone.
15:04 of 1st period - Icing by Carl Gunnarsson.
15:05 of 1st period - Vladimir Sobotka wins face-off versus Travis Zajac in Blues zone.
15:05 of 1st period - Vladimir Sobotka is hit by Carl Gunnarsson.
15:14 of 1st period - Off-side.
15:15 of 1st period - Olli Jokinen wins face-off versus Tyler Johnson in neutral zone.
15:42 of 1st period - Shot by Christopher Higgins.
15:42 of 1st period - Stopped by Martin Brodeur without a rebound.
15:43 of 1st period - Patric Hornqvist wins face-off versus Ales Hemsky in Devils zone.
15:59 of 1st period - Icing by Dan Hamhuis.
16:00 of 1st period - Patric Hornqvist wins face-off versus Jonathan Huberdeau in Blues zone.
16:00 of 1st period - Patric Hornqvist is hit by James van Riemsdyk.
16:06 of 1st period - Shot by Carl Gunnarsson.
16:06 of 1st period - Shot Misses the Net.
16:08 of 1st period - Shot by Henrik Zetterberg.
16:08 of 1st period - Stopped by Martin Brodeur without a rebound.
16:09 of 1st period - Travis Zajac wins face-off versus Vladimir Sobotka in Devils zone.
16:12 of 1st period - Shot by Mark Fayne.
16:12 of 1st period - Stopped by Martin Brodeur without a rebound.
16:13 of 1st period - Saku Koivu wins face-off versus Travis Zajac in Devils zone.
16:23 of 1st period - Jussi Jokinen is hit by Niklas Hjalmarsson and loses puck.
16:45 of 1st period - Shot by Travis Zajac.
16:45 of 1st period - Deflect By Rick Nash.
16:45 of 1st period - Shot Blocked by Mike Weaver.
16:56 of 1st period - Sami Salo is hit by Mike Weaver.
17:15 of 1st period - Daniel Sedin is hit by Mike Weaver and loses puck.
17:23 of 1st period - Henrik Zetterberg is hit by Mike Weaver and loses puck.
17:26 of 1st period - Shot by Dan Hamhuis.
17:26 of 1st period - Shot Misses the Net.
17:38 of 1st period - Shot by Daniel Sedin.
17:38 of 1st period - Shot Blocked by Niklas Hjalmarsson.
17:44 of 1st period - Shot by Brenden Morrow.
17:44 of 1st period - Shot Misses the Net.
17:55 of 1st period - Minor Penalty to Steve Ott for Hooking.
17:56 of 1st period - Vladimir Sobotka wins face-off versus Henrik Zetterberg in Devils zone.
17:56 of 1st period - Vladimir Sobotka is hit by Rick Nash.
18:06 of 1st period - Nikita Nikitin is hit by Rick Nash and loses puck.
18:32 of 1st period - Icing by Rick Nash.
18:33 of 1st period - Henrik Zetterberg wins face-off versus Vladimir Sobotka in Blues zone.
18:38 of 1st period - Sergei Gonchar is hit by Henrik Zetterberg and loses puck.
19:11 of 1st period - Shot by Dan Hamhuis.
19:11 of 1st period - Shot Misses the Net.
19:13 of 1st period - Shot by Dan Hamhuis.
19:13 of 1st period - Stopped by Martin Brodeur without a rebound.
19:14 of 1st period - Saku Koivu wins face-off versus Jussi Jokinen in Devils zone.
19:41 of 1st period - Shot by Dan Hamhuis.
19:41 of 1st period - Stopped by Martin Brodeur without a rebound.
19:42 of 1st period - Saku Koivu wins face-off versus Henrik Zetterberg in Devils zone.
Goals for this period are 1 for Devils vs 5 for Blues.
Shots for this period are 4 for Devils vs 17 for Blues.

2nd period


0:01 of 2nd period - Olli Jokinen wins face-off versus Jonathan Huberdeau in neutral zone.
0:16 of 2nd period - Shot by David Clarkson.
0:16 of 2nd period - Stopped by Martin Brodeur without a rebound.
0:17 of 2nd period - Patric Hornqvist wins face-off versus Vladimir Sobotka in Devils zone.
0:38 of 2nd period - Daniel Sedin is hit by Mark Streit and loses puck.
0:59 of 2nd period - Shot by Patric Hornqvist.
0:59 of 2nd period - Shot Misses the Net.
1:08 of 2nd period - Icing by Mark Streit.
1:09 of 2nd period - Olli Jokinen wins face-off versus Clarke MacArthur in Devils zone.
2:06 of 2nd period - Shot by Rick Nash.
2:06 of 2nd period - Shot Misses the Net.
2:08 of 2nd period - Shot by Jussi Jokinen.
2:08 of 2nd period - Stopped by Martin Brodeur without a rebound.
2:09 of 2nd period - Brenden Morrow wins face-off versus Tyler Johnson in Devils zone.
2:16 of 2nd period - Shot by Daniel Sedin.
2:16 of 2nd period - Stopped by Martin Brodeur with a rebound.
2:24 of 2nd period - Icing by Henrik Zetterberg.
2:25 of 2nd period - Saku Koivu wins face-off versus Henrik Zetterberg in Blues zone.
2:57 of 2nd period - Shot by Steve Ott.
2:57 of 2nd period - Shot Misses the Net.
2:59 of 2nd period - Shot by Mark Letestu.
2:59 of 2nd period - Shot Blocked by Daniel Sedin.
3:03 of 2nd period - Shot by Steve Ott.
3:03 of 2nd period - Shot Misses the Net.
3:21 of 2nd period - Shot by Jonathan Huberdeau.
3:21 of 2nd period - Deflect By Carl Hagelin.
3:21 of 2nd period - Shot Misses the Net.
3:23 of 2nd period - Shot by James van Riemsdyk.
3:23 of 2nd period - Shot Misses the Net.
3:29 of 2nd period - Shot by James van Riemsdyk.
3:29 of 2nd period - Stopped by Sergei Bobrovsky without a rebound.
3:30 of 2nd period - Jussi Jokinen wins face-off versus Vladimir Sobotka in Blues zone.
3:48 of 2nd period - Icing by Mark Fayne.
3:49 of 2nd period - Travis Zajac wins face-off versus Jonathan Huberdeau in Blues zone.
3:58 of 2nd period - Travis Zajac is hit by James van Riemsdyk and loses puck.
4:30 of 2nd period - Shot by Jonathan Huberdeau.
4:30 of 2nd period - Stopped by Sergei Bobrovsky without a rebound.
4:31 of 2nd period - Olli Jokinen wins face-off versus Tyler Johnson in Blues zone.
5:28 of 2nd period - Shot by Henrik Zetterberg.
5:28 of 2nd period - Stopped by Martin Brodeur without a rebound.
5:29 of 2nd period - Henrik Zetterberg wins face-off versus Jonathan Huberdeau in Devils zone.
5:39 of 2nd period - Off-side.
5:40 of 2nd period - Vladimir Sobotka wins face-off versus Jussi Jokinen in neutral zone.
6:12 of 2nd period - Mark Streit is hit by Travis Zajac and loses puck.
6:17 of 2nd period - Shot by Vladimir Sobotka.
6:17 of 2nd period - Shot Misses the Net.
7:00 of 2nd period - Icing by Dan Hamhuis.
7:01 of 2nd period - Saku Koivu wins face-off versus Henrik Zetterberg in Blues zone.
7:18 of 2nd period - Shot by Daniel Sedin.
7:18 of 2nd period - Shot Misses the Net.
7:26 of 2nd period - Shot by Henrik Zetterberg.
7:26 of 2nd period - Shot Blocked by Mike Weaver.
7:47 of 2nd period - Off-side.
7:48 of 2nd period - Olli Jokinen wins face-off versus Jonathan Huberdeau in neutral zone.
8:02 of 2nd period - Shot by Jonathan Huberdeau.
8:02 of 2nd period - Shot Blocked by Radek Martinek.
8:45 of 2nd period - Off-side.
8:46 of 2nd period - Vladimir Sobotka wins face-off versus Patric Hornqvist in neutral zone.
8:49 of 2nd period - Minor Penalty to Vladimir Sobotka for Hooking.
8:50 of 2nd period - Saku Koivu wins face-off versus Daniel Sedin in Devils zone.
9:11 of 2nd period - Shot by Carl Gunnarsson.
9:11 of 2nd period - Stopped by Martin Brodeur without a rebound.
9:12 of 2nd period - Henrik Zetterberg wins face-off versus Saku Koivu in Devils zone.
10:30 of 2nd period - Icing by Carl Gunnarsson.
10:31 of 2nd period - Jussi Jokinen wins face-off versus Saku Koivu in Blues zone.
10:44 of 2nd period - Icing by Daniel Sedin.
10:45 of 2nd period - David Clarkson wins face-off versus Saku Koivu in Blues zone.
11:45 of 2nd period - Shot by Carl Hagelin.
11:45 of 2nd period - Shot Misses the Net.
11:47 of 2nd period - Shot by James van Riemsdyk.
11:47 of 2nd period - Shot Blocked by Radek Martinek.
11:53 of 2nd period - Shot by James van Riemsdyk.
11:53 of 2nd period - Shot Blocked by Jeff Petry.
12:01 of 2nd period - Shot by Carl Hagelin.
12:01 of 2nd period - Stopped by Sergei Bobrovsky without a rebound.
12:02 of 2nd period - Vladimir Sobotka wins face-off versus Travis Zajac in Blues zone.
12:03 of 2nd period - Shot by Trevor Daley.
12:03 of 2nd period - Shot Blocked by Dan Hamhuis.
13:10 of 2nd period - Off-side.
13:11 of 2nd period - Saku Koivu wins face-off versus Olli Jokinen in neutral zone.
14:47 of 2nd period - Shot by Daniel Sedin.
14:47 of 2nd period - Stopped by Martin Brodeur without a rebound.
14:48 of 2nd period - Travis Zajac wins face-off versus Tyler Johnson in Devils zone.
14:58 of 2nd period - Off-side.
14:59 of 2nd period - Ales Hemsky wins face-off versus Travis Zajac in neutral zone.
17:14 of 2nd period - Shot by Carl Hagelin.
17:14 of 2nd period - Shot Misses the Net.
19:04 of 2nd period - Shot by Mark Letestu.
19:04 of 2nd period - Shot Blocked by Christopher Higgins.
19:06 of 2nd period - Shot by Steve Ott.
19:06 of 2nd period - Deflect By Mark Letestu.
19:06 of 2nd period - Stopped by Sergei Bobrovsky without a rebound.
19:07 of 2nd period - Henrik Zetterberg wins face-off versus Tyler Johnson in Blues zone.
19:07 of 2nd period - Henrik Zetterberg is hit by Tommy Wingels.
19:19 of 2nd period - Shot by Henrik Zetterberg.
19:19 of 2nd period - Stopped by Martin Brodeur without a rebound.
19:20 of 2nd period - Travis Zajac wins face-off versus Jonathan Huberdeau in Devils zone.
19:35 of 2nd period - Shot by James van Riemsdyk.
19:35 of 2nd period - Shot Misses the Net.
19:40 of 2nd period - Jonathan Huberdeau is hit by Carl Gunnarsson and loses puck.
Goals for this period are 0 for Devils vs 0 for Blues.
Shots for this period are 4 for Devils vs 7 for Blues.

3rd period


0:01 of 3rd period - Henrik Zetterberg wins face-off versus Saku Koivu in neutral zone.
0:30 of 3rd period - Off-side.
0:31 of 3rd period - Jonathan Huberdeau wins face-off versus Travis Zajac in neutral zone.
0:54 of 3rd period - Shot by James van Riemsdyk.
0:54 of 3rd period - Shot Misses the Net.
1:04 of 3rd period - Shot by Carl Hagelin.
1:04 of 3rd period - Deflect By James van Riemsdyk.
1:04 of 3rd period - Shot Blocked by Sami Salo.
1:06 of 3rd period - Shot by Trevor Daley.
1:06 of 3rd period - Shot Misses the Net.
1:38 of 3rd period - Shot by Daniel Sedin.
1:38 of 3rd period - Stopped by Martin Brodeur with a rebound.
1:40 of 3rd period - Shot by Dan Hamhuis.
1:40 of 3rd period - Shot Blocked by Niklas Hjalmarsson.
1:46 of 3rd period - Shot by Henrik Zetterberg.
1:46 of 3rd period - Deflect By Daniel Sedin.
1:46 of 3rd period - Shot Misses the Net.
1:48 of 3rd period - Shot by Brenden Morrow.
1:48 of 3rd period - Stopped by Martin Brodeur without a rebound.
1:49 of 3rd period - Vladimir Sobotka wins face-off versus Olli Jokinen in Devils zone.
3:34 of 3rd period - James van Riemsdyk is hit by Brenden Morrow.
3:35 of 3rd period - Icing by James van Riemsdyk.
3:36 of 3rd period - Jonathan Huberdeau wins face-off versus Travis Zajac in Devils zone.
4:15 of 3rd period - Shot by Rick Nash.
4:15 of 3rd period - Shot Misses the Net.
4:17 of 3rd period - Shot by Sami Salo.
4:17 of 3rd period - Shot Blocked by Trevor Daley.
4:19 of 3rd period - Shot by Sami Salo.
4:19 of 3rd period - Shot Misses the Net.
5:46 of 3rd period - Shot by David Clarkson.
5:46 of 3rd period - Stopped by Martin Brodeur without a rebound.
5:47 of 3rd period - Tyler Johnson wins face-off versus Travis Zajac in Devils zone.
5:47 of 3rd period - Tyler Johnson is hit by Travis Zajac.
5:58 of 3rd period - Rick Nash is hit by Mike Weaver and loses puck.
6:07 of 3rd period - Shot by Tyler Johnson.
6:07 of 3rd period - Shot Blocked by Mark Fayne.
6:13 of 3rd period - Shot by Mark Letestu.
6:13 of 3rd period - Shot Misses the Net.
6:15 of 3rd period - Shot by Niklas Hjalmarsson.
6:15 of 3rd period - Shot Hit the Post.
6:17 of 3rd period - Shot by Mike Weaver.
6:17 of 3rd period - Shot Misses the Net.
6:19 of 3rd period - Shot by Tommy Wingels.
6:19 of 3rd period - Shot Misses the Net.
8:27 of 3rd period - Mark Fayne is hit by Vladimir Sobotka.
10:18 of 3rd period - Trevor Daley is hit by Patric Hornqvist and loses puck.
10:57 of 3rd period - Carl Gunnarsson is hit by Tommy Wingels and loses puck.
11:09 of 3rd period - Icing by Henrik Zetterberg.
11:10 of 3rd period - Patric Hornqvist wins face-off versus Saku Koivu in Blues zone.
11:47 of 3rd period - Mark Fayne is hit by Steve Ott and loses puck.
12:23 of 3rd period - Icing by Jeff Petry.
12:24 of 3rd period - Tyler Johnson wins face-off versus Travis Zajac in Blues zone.
12:31 of 3rd period - Shot by Mark Letestu.
12:31 of 3rd period - Shot Misses the Net.
13:24 of 3rd period - Shot by Clarke MacArthur.
13:24 of 3rd period - Stopped by Sergei Bobrovsky without a rebound.
13:25 of 3rd period - Vladimir Sobotka wins face-off versus Henrik Zetterberg in Blues zone.
13:26 of 3rd period - Shot by Clarke MacArthur.
13:26 of 3rd period - Shot Blocked by Mark Fayne.
13:28 of 3rd period - Shot by Sergei Gonchar.
13:28 of 3rd period - Shot Blocked by Sami Salo.
13:30 of 3rd period - Shot by Sergei Gonchar.
13:30 of 3rd period - Stopped by Sergei Bobrovsky without a rebound.
13:31 of 3rd period - Vladimir Sobotka wins face-off versus Olli Jokinen in Blues zone.
13:31 of 3rd period - Vladimir Sobotka is hit by Jeff Petry.
13:35 of 3rd period - Shot by Clarke MacArthur.
13:35 of 3rd period - Stopped by Sergei Bobrovsky with a rebound.
13:37 of 3rd period - Shot by Sergei Gonchar.
13:37 of 3rd period - Stopped by Sergei Bobrovsky without a rebound.
13:38 of 3rd period - Vladimir Sobotka wins face-off versus Travis Zajac in Blues zone.
13:47 of 3rd period - Shot by Mark Streit.
13:47 of 3rd period - Stopped by Sergei Bobrovsky without a rebound.
13:48 of 3rd period - Jonathan Huberdeau wins face-off versus Henrik Zetterberg in Blues zone.
14:22 of 3rd period - Shot by Henrik Zetterberg.
14:22 of 3rd period - Stopped by Martin Brodeur without a rebound.
14:23 of 3rd period - Travis Zajac wins face-off versus Saku Koivu in Devils zone.
14:27 of 3rd period - Minor Penalty to Mike Weaver for Holding.
14:28 of 3rd period - Vladimir Sobotka wins face-off versus Henrik Zetterberg in Devils zone.
14:36 of 3rd period - Off-side.
14:37 of 3rd period - Vladimir Sobotka wins face-off versus Jussi Jokinen in neutral zone.
14:55 of 3rd period - Shot by Carl Gunnarsson.
14:55 of 3rd period - Stopped by Martin Brodeur without a rebound.
14:56 of 3rd period - Henrik Zetterberg wins face-off versus Saku Koivu in Devils zone.
14:56 of 3rd period - Mark Fayne is hit by Sergei Gonchar and loses puck.
15:15 of 3rd period - Shot by Henrik Zetterberg.
15:15 of 3rd period - Stopped by Martin Brodeur with a rebound.
15:17 of 3rd period - Shot by Mark Fayne.
15:17 of 3rd period - Stopped by Martin Brodeur without a rebound.
15:18 of 3rd period - Jussi Jokinen wins face-off versus Tommy Wingels in Devils zone.
15:23 of 3rd period - Shot by Dan Hamhuis.
15:23 of 3rd period - Shot Blocked by Nikita Nikitin.
15:25 of 3rd period - Shot by Daniel Sedin.
15:25 of 3rd period - Shot Misses the Net.
15:27 of 3rd period - Shot by Carl Gunnarsson.
15:27 of 3rd period - Deflect By David Clarkson.
15:27 of 3rd period - Shot Misses the Net.
15:29 of 3rd period - Shot by Carl Gunnarsson.
15:29 of 3rd period - Stopped by Martin Brodeur without a rebound.
15:30 of 3rd period - Vladimir Sobotka wins face-off versus Henrik Zetterberg in Devils zone.
15:41 of 3rd period - Shot by Rick Nash.
15:41 of 3rd period - Stopped by Martin Brodeur without a rebound.
15:42 of 3rd period - Jussi Jokinen wins face-off versus Vladimir Sobotka in Devils zone.
15:45 of 3rd period - Shot by Daniel Sedin.
15:45 of 3rd period - Deflect By Jussi Jokinen.
15:45 of 3rd period - Shot Hit the Post.
15:49 of 3rd period - Shot by David Clarkson.
15:49 of 3rd period - Shot Misses the Net.
15:51 of 3rd period - Shot by Sami Salo.
15:51 of 3rd period - Stopped by Martin Brodeur without a rebound.
15:52 of 3rd period - Vladimir Sobotka wins face-off versus Henrik Zetterberg in Devils zone.
16:23 of 3rd period - Shot by Dan Hamhuis.
16:23 of 3rd period - Stopped by Martin Brodeur without a rebound.
16:24 of 3rd period - Jussi Jokinen wins face-off versus Vladimir Sobotka in Devils zone.
16:36 of 3rd period - Daniel Sedin is hit by Mike Weaver and loses puck.
16:38 of 3rd period - Minor Penalty to Mike Weaver for Boarding.
16:39 of 3rd period - Jussi Jokinen wins face-off versus Vladimir Sobotka in Devils zone.
16:42 of 3rd period - Shot by Daniel Sedin.
16:42 of 3rd period - Shot Misses the Net.
16:44 of 3rd period - Shot by David Clarkson.
16:44 of 3rd period - Stopped by Martin Brodeur without a rebound.
16:45 of 3rd period - Vladimir Sobotka wins face-off versus Jussi Jokinen in Devils zone.
17:10 of 3rd period - Shot by David Clarkson.
17:10 of 3rd period - Deflect By Daniel Sedin.
17:10 of 3rd period - Shot Blocked by Sergei Gonchar.
17:12 of 3rd period - Shot by Dan Hamhuis.
17:12 of 3rd period - Shot Misses the Net.
17:14 of 3rd period - Shot by Jussi Jokinen.
17:14 of 3rd period - Shot Misses the Net.
17:16 of 3rd period - Shot by Dan Hamhuis.
17:16 of 3rd period - Stopped by Martin Brodeur without a rebound.
17:17 of 3rd period - Henrik Zetterberg wins face-off versus Saku Koivu in Devils zone.
17:51 of 3rd period - Henrik Zetterberg is hit by Sergei Gonchar and loses puck.
18:10 of 3rd period - Steve Ott is hit by David Clarkson and loses puck.
18:22 of 3rd period - Daniel Sedin is hit by Trevor Daley and loses puck.
19:02 of 3rd period - Shot by Carl Hagelin.
19:02 of 3rd period - Shot Misses the Net.
19:04 of 3rd period - Shot by Jonathan Huberdeau.
19:04 of 3rd period - Stopped by Sergei Bobrovsky without a rebound.
19:05 of 3rd period - Travis Zajac wins face-off versus Tyler Johnson in Blues zone.
19:05 of 3rd period - Travis Zajac is hit by Tommy Wingels.
19:10 of 3rd period - Dan Hamhuis is hit by Jake Muzzin and loses puck.
19:37 of 3rd period - Shot by Rick Nash.
19:37 of 3rd period - Goal by Rick Nash - Devils : 1 - Blues : 6.
19:38 of 3rd period - Olli Jokinen wins face-off versus Carl Hagelin in neutral zone.
19:49 of 3rd period - Off-side.
19:50 of 3rd period - Vladimir Sobotka wins face-off versus Olli Jokinen in neutral zone.
19:53 of 3rd period - David Clarkson is hit by Vladimir Sobotka and loses puck.
Goals for this period are 0 for Devils vs 1 for Blues.
Shots for this period are 6 for Devils vs 14 for Blues.


Output by the SimonT Hockey Simulator (STHS) for Stephane Roy -- Original Page W3C XHTML 1.0 Valid
Hockey Simulator - Hockey Simulation - Hockey Manager